 Dungeon Crawl Stone Soup version 0.22-a0 (webtiles) character file.

306331 shenanigans the Scorcher (level 21, 0/156 HPs)
             Began as a Barachi Skald on Dec 31, 2017.
             Was a High Priest of Okawaru.
             Slain by a deep troll (16 damage)
             ... led by an ironheart preserver
             ... on level 4 of the Vaults.
             The game lasted 02:57:29 (44908 turns).

shenanigans the Scorcher (Barachi Skald)           Turns: 44908, Time: 02:57:30

Health: 0/156      AC: 35    Str: 20    XL:     21   Next: 16%
Magic:  42/42      EV: 17    Int: 30    God:    Okawaru [*****.]
Gold:   2759       SH: 23    Dex: 15    Spells: 26/54 levels left

rFire    + + .     SeeInvis +   b - +10 war axe of the Black Skies {speed, *Corrode rC+++ Str+3 Int+2}
rCold    + + +     Gourm    .   R - +0 large shield of Buujy {Str+4}
rNeg     + . .     Faith    .   k - +4 storm dragon scales {Bai Suzhen}
rPois    +         Spirit   .   F - +0 hat of Baldness {*Drain rF+ Int+3 Slay+3}
rElec    +         Reflect  .   h - +2 ratskin cloak {+Rats rPois rN+ Str-1 Int-1 Dex+1}
rCorr    +         Harm     .   T - +1 pair of gloves of Wonder {Int+6 SInv}
MR       +....                  c - +2 pair of boots {run}
Stlth    ..........             H - amulet of regeneration
HPRegen  0.76/turn              x - ring of resist corrosion
MPRegen  0.28/turn              Q - ring of protection from fire

@: heroism, slowed, very slow
A: +LOS, swims, blurry vision 1, screaming 1, slowness 1, strong legs 2
}: 2/15 runes: barnacled, gossamer
a: Hop, Heroism, Finesse, Renounce Religion, Evoke Ratskin


You were on level 4 of the Vaults.
You worshipped Okawaru.
Okawaru was extremely pleased with you.
You were hungry.

You visited 7 branches of the dungeon, and saw 36 of its levels.
You also visited: Ossuary, Bailey and Volcano.

You collected 4201 gold pieces.
You spent 1442 gold pieces at shops.

Inventory:

Hand Weapons
 a - a +5 broad axe of flaming
 b - the +10 war axe of the Black Skies (weapon) {speed, *Corrode rC+++ Str+3 Int+2}
   (You found it on level 10 of the Dungeon)

   Attacks with this weapon are significantly faster.
   It affects your strength (+3).
   It affects your intelligence (+2).
   It renders you almost immune to cold.
   It may corrode you when you take damage.
Armour
 c - a +2 pair of boots of running (worn)
 h - the +2 ratskin cloak (worn) {+Rats rPois rN+ Str-1 Int-1 Dex+1}
   (You acquired it on level 3 of the Lair of Beasts)

   It affects your strength (-1).
   It affects your intelligence (-1).
   It affects your dexterity (+1).
   It protects you from poison.
   It protects you from negative energy.
 k - +4 storm dragon scales (worn) {Bai Suzhen}
 s - a scarf of repulsion
 y - a +2 pair of gloves of archery
 F - the +0 hat of Baldness (worn) {*Drain rF+ Int+3 Slay+3}
   (You bought it in a shop on level 2 of the Orcish Mines)

   It affects your intelligence (+3).
   It affects your accuracy and damage with ranged weapons and melee attacks
   (+3).
   It protects you from fire.
   It causes draining when unequipped.
 G - a +2 pair of boots of flying
 I - a +1 cloak of poison resistance
 K - a +2 helmet of see invisible
 M - a +0 cloak of fire resistance
 O - the +8 chain mail of the Trees {rElec}
   (You found it on level 4 of the Shoals)

   It insulates you from electricity.
 R - the +0 large shield of Buujy (worn) {Str+4}
   (You bought it in a shop on level 1 of the Vaults)

   It affects your strength (+4).
 T - the +1 pair of gloves of Wonder (worn) {Int+6 SInv}
   (You found it on level 1 of the Vaults)

   It affects your intelligence (+6).
   It lets you see invisible.
 X - the +4 plate armour "Siosieq" {+Fly rN+ rCorr}
   (Okawaru gifted it to you on level 2 of the Vaults)

   It protects you from negative energy.
   It lets you fly.
   It protects you from acid and corrosion.
Jewellery
 x - a ring of resist corrosion (left hand)
 E - the ring "Xiyvoub" {Fire MP+9 Str+3 Int+2}
   (You found it on level 15 of the Dungeon)

   [ring of fire]

   It enhances your fire magic.
   It affects your strength (+3).
   It affects your intelligence (+2).
   It protects you from fire.
   It makes you vulnerable to cold.
   It affects your magic capacity (+9).
 H - an amulet of regeneration (around neck)
 Q - a ring of protection from fire (right hand)
 S - an uncursed ring of see invisible
 W - an uncursed ring of poison resistance
 Y - an uncursed ring of positive energy
Wands
 l - a wand of acid (25)
 n - a wand of clouds (4)
 D - a wand of iceblast (29)
Scrolls
 i - 8 scrolls of identify
 j - 3 scrolls of fog
 o - 11 scrolls of amnesia
 p - a scroll of blinking
 r - 13 scrolls of remove curse
 u - 20 scrolls of teleportation
 L - 5 scrolls of enchant weapon
 N - 2 scrolls of holy word
 P - 5 scrolls of enchant armour
 U - a scroll of silence
 V - 5 scrolls of fear
 Z - a scroll of summoning
Potions
 e - 20 potions of curing
 f - 3 potions of magic
 g - 2 potions of cancellation
 m - 6 potions of berserk rage
 q - 3 potions of invisibility
 t - 3 potions of mutation
 v - 4 potions of haste
 w - 7 potions of might
 z - 8 potions of ambrosia
 A - 3 potions of resistance
 B - 14 potions of heal wounds
 C - 12 potions of agility
 J - 3 potions of brilliance
Comestibles
 d - 78 rations


   Skills:
 - Level 11.1(16.1) Fighting
 - Level 11.1(16.1) Axes
 - Level 17.1(22.1) Armour
 - Level 11.1(16.1) Dodging
 - Level 16.1(21.1) Shields
 * Level 17.3 Spellcasting
 - Level 10.0 Conjurations
 - Level 3.2 Charms
 * Level 18.0 Fire Magic
 - Level 10.9 Ice Magic
 - Level 10.4 Invocations


You had 26 spell levels left.
You knew the following spells:

 Your Spells              Type           Power        Failure   Level  Hunger
a - Infusion              Chrm           ####         2%          1    None
b - Shock                 Conj/Air       ####         1%          1    None
c - Song of Slaying       Chrm           #####...     3%          2    None
d - Inner Flame           Hex/Fire       ######..     1%          3    None
e - Ice Form              Ice/Tmut       ######..     10%         4    None
f - Ignition              Fire           #######...   36%         8    ######.
g - Tornado               Air            ####......   100%        9    #######


Dungeon Overview and Level Annotations

Branches:
Dungeon (15/15)            Temple (1/1) D:7            Lair (6/6) D:9
 Shoals (4/4) Lair:3       Spider (4/4) Lair:4        Slime (0/5) Lair:5
    Orc (2/2) D:11            Elf (0/3) Orc:2        Vaults (4/5) D:13
  Crypt (0/3) Vaults:2     Depths (0/5) D:15

Altars:
Ashenzari
Cheibriados
Dithmenos
Elyvilon
Fedhas
Gozag
Hepliaklqana
Kikubaaqudgha
Makhleb
Nemelex Xobeh
Okawaru
Qazlal
Ru
Sif Muna
Trog
Uskayaw
Vehumet
Wu Jian
Xom
Yredelemnul
Zin
The Shining One
Beogh
Jiyva

Shops:
D:12 %!   Orc:2 [!}!   Vaults:1 [

Portals:
Pandemonium: Orc:2

Annotations:
D:3 frogmouthbird's ghost, amateur HOFE
D:5 TySteely's ghost, novice DsMo
Lair:5 1 runed door
Lair:6 2 runed doors
Shoals:2 exclusion: 2 oklob plants


Innate Abilities, Weirdness & Mutations

Shadows flee at your approach. (+LOS)
You can swim through water.
You cover ground slowly.
You can hop long distances.
Scrolls take you a little longer to read.
You occasionally shout uncontrollably at your foes.


Message History

Okawaru accepts your kill.
You slash the ironbrand convoker!
You kill the ironbrand convoker!
Okawaru accepts your kill.
You slash the ironheart preserver! You hit the deep troll.
The ironheart preserver hits you with a great mace.
* * * LOW HITPOINT WARNING * * *
You block the deep troll's attack. The deep troll misses you. x2
The vault warden hits you with a vampiric battleaxe!!
* * * LOW HITPOINT WARNING * * *
The vault warden draws strength from your wounds!
You feel much better. You block the deep troll's attack. x3
The ironheart preserver hits you but does no damage.
The deep troll bites you!!
* * * LOW HITPOINT WARNING * * *
The deep troll claws you.
* * * LOW HITPOINT WARNING * * *
The deep troll barely misses you. You block the vault warden's attack.
The deep troll bites you!
You die...

##########
.....
#........
#.....
#...T.#
#.....
#.p@p.#
#.....
#..T#.#
#.....
#...# #
#.....
#.### ###
#.....
#...# #?#
#.....
#.#####.#
#.....
#...#.†.#
#.....
#..?#.###
.#.....
#.......#
...#.....


You could see an ironheart preserver, a vault warden and 2 deep trolls.

Vanquished Creatures
  Bai Suzhen (Spider:3)
  A kraken (Shoals:3)
  A fire giant (Vaults:4)
  Ilsuiw (Shoals:4)
  5 vault wardens
  A frost giant (Vaults:3)
  A deep elf sorcerer (Vaults:2)
  An orc warlord (D:11)
  5 ghost moths
  6 emperor scorpions
  A ghoul (Vaults:2)
  8 ironheart preservers
  3 entropy weavers
  2 stone giants
  Azrael (Spider:1)
  2 deep elf demonologists
  A very ugly thing (Vaults:4)
  2 deep elf annihilators
  2 spark wasps (Spider:4)
  An eidolon (Vaults:2)
  12 merfolk impalers
  2 ettins
  2 fire dragons
  3 merfolk javelineers (Shoals:4)
  A jiangshi (Vaults:2)
  8 ogre magi
  Erolcha (Orc:1)
  Josephine (Shoals:1)
  6 yaktaur captains
  2 great orbs of eyes
  Harold (D:10)
  8 vault guards
  A rakshasa (Vaults:3)
  2 ice dragons
  10 hydras
  10 merfolk aquamancers
  2 merfolk avatars (Shoals:4)
  A deep troll shaman (Vaults:3)
  3 alligator snapping turtles
  7 death knights
  6 centaur warriors
  16 two-headed ogres
  A satyr (Shoals:4)
  A death yak (Lair:5)
  3 tengu warriors (D:15)
  5 deep troll earth magi
  Urug (D:10)
  6 orc high priests (Orc:2)
  Nergalle (Lair:2)
  Sonja (D:15)
  9 deep elf knights
  3 shadow wraiths
  7 skeletal warriors
  7 sea snakes
  A glowing orange brain (Vaults:1)
  9 deep trolls
  2 gelid demonspawn (Orc:2)
  A flayed ghost (Vaults:3)
  2 wizards
  2 unseen horrors
  A kraken simulacrum (Shoals:4)
  An infernal demonspawn (Orc:2)
  9 ironbrand convokers
  A lindwurm (Lair:6)
  29 harpies
  10 orc sorcerers
  8 deep elf archers
  A necromancer (Vaults:3)
  7 orc knights
  11 orb spiders
  18 fauns
  12 deep elf magi
  12 manticores
  8 cyclopes
  38 wolf spiders
  8 elephants (Lair:6)
  2 guardian serpents (D:14)
  18 ugly things
  9 merfolk sirens
  6 vault sentinels
  Maurice (D:9)
  A rust devil (Orc:2)
  2 gargoyles
  5 black mambas
  16 spiny frogs
  2 smoke demons
  7 water nymphs
  2 molten gargoyles (Lair:6)
  4 torpor snails
  13 komodo dragons
  36 yaktaurs
  8 demonic crawlers
  An ice devil (Orc:2)
  5 freezing wraiths
  3 rime drakes
  2 kobold demonologists (D:15)
  2 red devils (Volcano)
  A troll (shapeshifter) (Vaults:2)
  8 wind drakes
  29 jumping spiders
  10 hornets
  9 trolls
  A jumping spider (shapeshifter) (Vaults:1)
  A tengu conjurer (D:13)
  A queen bee (Lair:5)
  19 merfolk
  3 meliai (Lair:5)
  A tengu simulacrum (Vaults:3)
  4 blink frogs
  7 dream sheep
  9 snapping turtles
  A raiju (shapeshifter) (Vaults:2)
  20 slime creatures
  12 hippogriffs
  A human simulacrum (Vaults:1)
  A shadow (D:13)
  11 water elementals
  An ettin skeleton (Vaults:3)
  A tarantella (shapeshifter) (Vaults:1)
  45 tarantellas
  6 wraiths
  78 redbacks
  Sigmund (D:2)
  57 yaks
  5 wyverns
  A hog (shapeshifter) (Vaults:2)
  A human (shapeshifter) (Vaults:3)
  A basilisk (Lair:6)
  A fire elemental (Spider:1)
  2 humans (D:13)
  A neqoxec (Orc:2)
  A chaos spawn (Orc:2)
  4 vampire mosquitoes (D:12)
  6 wargs
  12 water moccasins
  An acid dragon (Vaults:1)
  A soldier ant (D:13)
  9 porcupines
  12 hell hounds
  53 orc warriors
  2 black bears
  4 sky beasts
  7 ice beasts
  3 phantoms
  3 necrophages
  A boggart (Vaults:2)
  7 wolves
  22 centaurs
  27 ogres
  11 crocodiles
  5 big kobolds
  A glowing shapeshifter simulacrum (Vaults:1)
  2 gnoll sergeants
  2 human skeletons (Vaults:3)
  22 bullfrogs
  A wyvern zombie (D:13)
  A wyvern skeleton (D:9)
  A hornet simulacrum (D:15)
  4 scorpions
  An orc simulacrum (Vaults:1)
  40 killer bees
  5 wights
  3 electric eels (Lair:3)
  6 howler monkeys
  7 crimson imps
  5 lava snakes (Lair:6)
  A quasit (D:13)
  A centaur zombie (D:10)
  3 bullfrog skeletons
  2 bullfrog zombies
  8 hounds
  27 orc priests
  A hound (shapeshifter) (Vaults:1)
  A jelly (D:11)
  7 centaur skeletons
  Jessica (D:2)
  Terence (D:2)
  A gnoll shaman (D:4)
  17 orc wizards
  2 iguanas
  7 worker ants
  A hound zombie (D:9)
  13 mummies (Ossuary)
  25 gnolls
  17 adders
  A river rat (Lair:5)
  2 oozes
  4 worms
  3 leopard geckos
  102 orcs
  2 ball pythons (D:3)
  4 giant cockroaches
  5 goblins
  2 hobgoblins (D:1)
  11 jackals
  7 quokkas
  6 bats
  5 frilled lizards
  A gnoll skeleton (Ossuary)
  A goblin skeleton (Ossuary)
  A jackal skeleton (D:5)
  6 kobolds
  4 kobold skeletons (Ossuary)
  A leopard gecko skeleton (D:7)
  A leopard gecko zombie (D:6)
  2 orc skeletons (Ossuary)
  A quokka skeleton (D:4)
  3 rats
  11 rat skeletons (Ossuary)
  4 fungi
  A plant (Shoals:3)
  4 tentacles
1505 creatures vanquished.

Vanquished Creatures (others)
  An ogre mage (Vaults:1)
  A water nymph (Shoals:1)
  A merfolk (Shoals:1)
  A tarantella (Spider:4)
  A water elemental (Shoals:3)
  A wyvern (D:14)
  An ogre (Vaults:3)
  3 fungi
  8 plants
  14 tentacles
32 creatures vanquished.

Grand Total: 1537 creatures vanquished

Notes
Turn   | Place    | Note
-------+----------+-------------------------------------------
     0 | D:1      | shenanigans the Barachi Skald began the quest for the Orb.
     0 | D:1      | Reached XP level 1. HP: 17/17 MP: 3/3
   116 | D:1      | Reached XP level 2. HP: 20/23 MP: 5/5
   394 | D:2      | Noticed Sigmund
   416 | D:2      | Noticed Jessica
   427 | D:2      | Killed Jessica
   427 | D:2      | Reached XP level 3. HP: 7/29 MP: 0/6
  1022 | D:2      | Found a bloodstained altar of Trog.
  1059 | D:2      | Reached XP level 4. HP: 25/35 MP: 7/7
  1742 | D:2      | Killed Sigmund
  1742 | D:2      | Reached XP level 5. HP: 42/42 MP: 8/8
  1742 | D:2      | Reached XP level 6. HP: 48/48 MP: 9/9
  1820 | D:2      | Noticed Terence
  1839 | D:2      | Killed Terence
  2688 | D:3      | Noticed frogmouthbird's ghost (amateur HOFE)
  2943 | D:4      | Noticed a phantom
  3041 | D:4      | Killed a phantom
  3041 | D:4      | Reached XP level 7. HP: 39/55 MP: 10/10
  3275 | D:4      | Reached skill level 5 in Fighting
  4946 | D:5      | Entered Level 5 of the Dungeon
  5266 | D:4      | Reached skill level 5 in Axes
  5266 | D:4      | Reached skill level 5 in Armour
  5266 | D:4      | Reached skill level 5 in Dodging
  5356 | D:5      | Reached XP level 8. HP: 20/64 MP: 11/11
  5762 | D:5      | Noticed TySteely's ghost (novice DsMo)
  6257 | D:5      | Found a hazy altar of Hepliaklqana.
  7453 | D:7      | Found a glowing golden altar of the Shining One.
  7549 | D:7      | Found a stormy altar of Qazlal.
  7623 | D:7      | Reached XP level 9. HP: 60/72 MP: 12/12
  7701 | D:7      | Found a sand-covered staircase.
  7710 | Ossuary  | Entered an ossuary
  8289 | D:7      | Found a staircase to the Ecumenical Temple.
  8296 | Temple   | Entered the Ecumenical Temple
  8411 | Temple   | Became a worshipper of Warmaster Okawaru
  8658 | D:8      | Got a slimy falchion
  8659 | D:8      | Identified the cursed +3 falchion "Sost" {protect, rC+ rN+ Str+3 Dex-5} (You found it on level 8 of the Dungeon)
  8793 | D:7      | Reached skill level 1 in Invocations
  8963 | D:7      | Found a glowing silver altar of Zin.
  9013 | D:7      | Found a hide-covered altar of Uskayaw.
  9013 | D:7      | Found a shadowy altar of Dithmenos.
  9429 | D:8      | Reached * piety under Okawaru
  9855 | D:8      | Reached XP level 10. HP: 63/81 MP: 13/13
  9891 | D:8      | Noticed a three-headed hydra
  9895 | D:8      | Killed a one-headed hydra
  9895 | D:8      | Reached ** piety under Okawaru
 10229 | D:9      | Reached *** piety under Okawaru
 10233 | D:9      | Found a staircase to the Lair.
 10882 | D:9      | Noticed Maurice
 10905 | D:9      | Reached skill level 1 in Shields
 10939 | D:9      | Killed Maurice
 11211 | D:10     | Entered Level 10 of the Dungeon
 11315 | D:10     | Reached **** piety under Okawaru
 11359 | D:10     | Noticed Urug
 11403 | D:10     | Killed Urug
 11403 | D:10     | Received a gift from Okawaru
 11403 | D:10     | Reached XP level 11. HP: 68/86 MP: 15/15
 11427 | D:10     | Noticed Harold
 11465 | D:10     | Killed Harold
 11810 | D:10     | Reached skill level 10 in Fighting
 11883 | D:10     | Got an encrusted war axe
 11884 | D:10     | Identified the +10 war axe of the Black Skies {speed, *Corrode rC+++ Str+3 Int+2} (You found it on level 10 of the Dungeon)
 12030 | D:11     | Noticed a manticore
 12038 | D:11     | Killed a manticore
 12038 | D:11     | Reached ***** piety under Okawaru
 12243 | D:11     | Found a staircase to the Orcish Mines.
 12632 | D:11     | Found a sparkling altar of Nemelex Xobeh.
 12872 | D:11     | Reached skill level 5 in Shields
 12929 | D:11     | Received a gift from Okawaru
 12993 | D:11     | Learned a level 1 spell: Shock
 12996 | D:11     | Learned a level 2 spell: Song of Slaying
 13100 | Lair:1   | Entered Level 1 of the Lair of Beasts
 13186 | Orc:1    | Entered Level 1 of the Orcish Mines
 13270 | Orc:1    | Noticed an orc warlord
 13296 | D:11     | Reached skill level 5 in Invocations
 13310 | D:11     | Killed an orc warlord
 13400 | D:11     | Reached XP level 12. HP: 76/96 MP: 15/17
 13429 | Orc:1    | Reached skill level 10 in Armour
 13516 | Orc:1    | Found a flagged portal.
 13551 | Bailey   | Entered a bailey
 13798 | Bailey   | Received a gift from Okawaru
 13804 | Bailey   | Got a bronze scale mail {god gift}
 14336 | Orc:1    | Identified the +5 scale mail "Dekluoll" {*Contam rElec rF++ Str+2} (Okawaru gifted it to you in a bailey)
 14391 | Orc:1    | Noticed Erolcha
 14401 | Orc:1    | Paralysed by Erolcha for 5 turns
 14407 | Orc:1    | Killed Erolcha
 14587 | Orc:2    | Entered Level 2 of the Orcish Mines
 14901 | Orc:2    | Reached skill level 10 in Dodging
 14905 | Orc:2    | Reached skill level 10 in Axes
 14926 | Orc:2    | Found a staircase to the Elven Halls.
 14928 | Orc:2    | Found a roughly hewn altar of Beogh.
 15278 | Orc:2    | Found Jym Unuo's Distillery.
 15432 | Orc:2    | Found Nagi's Distillery.
 15471 | Orc:2    | Reached skill level 10 in Shields
 15515 | Orc:2    | Bought a potion of might for 68 gold pieces
 15515 | Orc:2    | Bought a potion of might for 68 gold pieces
 15541 | Orc:2    | Noticed an orc high priest
 15544 | Orc:2    | Noticed a soul eater
 15809 | Orc:2    | Noticed an orc high priest
 15877 | Orc:2    | Killed an orc high priest
 15877 | Orc:2    | Gained mutation: You can hop long distances. [Barachi growth]
 15877 | Orc:2    | Reached XP level 13. HP: 79/102 MP: 15/18
 16521 | Orc:2    | Reached ****** piety under Okawaru
 16564 | Orc:2    | Paralysed by an orc sorcerer for 3 turns
 16657 | Orc:2    | Received a gift from Okawaru
 16861 | Orc:2    | Found Bot Omnu's Gadget Shoppe.
 16861 | Orc:2    | Found Qait's Antique Armour Emporium.
 16861 | Orc:2    | Found a one-way gate leading to the halls of Pandemonium.
 16875 | Orc:2    | Bought a pair of ancient boots for 190 gold pieces
 16875 | Orc:2    | Bought a steaming hat for 180 gold pieces
 16890 | Orc:2    | Identified the cursed +0 hat of Baldness {*Drain rF+ Int+3 Slay+3} (You bought it in a shop on level 2 of the Orcish Mines)
 16895 | Orc:2    | Identified the +1 pair of boots of Pride {*Slow Str+3 Dex+6} (You bought it in a shop on level 2 of the Orcish Mines)
 16904 | Orc:2    | Bought a pair of glowing boots for 150 gold pieces
 16959 | Orc:2    | Bought a potion of haste for 140 gold pieces
 16959 | Orc:2    | Bought a potion of heal wounds for 70 gold pieces
 16959 | Orc:2    | Bought a potion of heal wounds for 70 gold pieces
 16959 | Orc:2    | Bought a potion of brilliance for 56 gold pieces
 17763 | Lair:2   | Received a gift from Okawaru
 17770 | Lair:2   | Got an encrusted animal skin {god gift}
 17865 | Lair:2   | Noticed Nergalle
 17880 | Lair:2   | Killed Nergalle
 18249 | Lair:2   | Reached skill level 5 in Spellcasting
 18410 | Lair:2   | Identified the Tome of Arcane Weapons and Dark Secrets
 18786 | Lair:3   | Found a dark tunnel.
 18793 | Volcano  | Entered a volcano
 18828 | Volcano  | Reached XP level 14. HP: 110/113 MP: 21/21
 19230 | Lair:3   | Learned a level 3 spell: Inner Flame
 19395 | Lair:3   | Found a staircase to the Shoals.
 19613 | Lair:4   | Learned a level 4 spell: Ice Form
 19726 | Lair:4   | Reached skill level 1 in Fire Magic
 19905 | Lair:4   | Found a hole to the Spider Nest.
 19909 | Lair:4   | Received a gift from Okawaru
 19994 | Lair:4   | Reached skill level 1 in Ice Magic
 20330 | Lair:5   | Found a runed door.
 20336 | Lair:5   | Found a viscous altar of Jiyva.
 20336 | Lair:5   | Noticed an acid blob
 20337 | Lair:5   | Noticed an acid blob
 20338 | Lair:5   | Found a staircase to the Slime Pits.
 20392 | Lair:5   | Reached skill level 1 in Conjurations
 20638 | Lair:5   | Reached skill level 2 in Fire Magic
 21220 | Lair:6   | Entered Level 6 of the Lair of Beasts
 21321 | Lair:6   | Reached skill level 3 in Fire Magic
 21330 | Lair:6   | Received a gift from Okawaru
 21468 | Lair:6   | Reached XP level 15. HP: 100/118 MP: 25/25
 21533 | Lair:6   | Reached skill level 15 in Armour
 21757 | Lair:6   | Found a large runed door.
 21757 | Lair:6   | Found a large runed door.
 21983 | Lair:6   | Reached skill level 15 in Shields
 22451 | Lair:3   | Identified 2 scrolls of acquirement
 22456 | Lair:3   | Found the +2 ratskin cloak {+Rats rPois rN+ Str-1 Int-1 Dex+1}
 22611 | D:12     | Reached skill level 4 in Fire Magic
 22641 | D:12     | Found Xeqitar's Distillery.
 22648 | D:12     | Bought a potion of might for 60 gold pieces
 22648 | D:12     | Bought a potion of magic for 120 gold pieces
 22675 | D:12     | Found a white marble altar of Elyvilon.
 22936 | D:12     | Found Gammo's Food Shoppe.
 23658 | D:13     | Identified First Steps in Magic
 23814 | D:13     | Reached skill level 10 in Invocations
 23863 | D:13     | Found a gate to the Vaults.
 23874 | D:13     | Reached skill level 5 in Ice Magic
 23886 | D:13     | Received a gift from Okawaru
 24666 | D:14     | Paralysed by a wizard for 7 turns
 24678 | D:14     | Paralysed by a wizard for 6 turns
 24827 | D:14     | Reached skill level 5 in Fire Magic
 25018 | D:14     | Received a gift from Okawaru
 25030 | D:14     | Got a pair of brightly glowing boots {god gift}
 25036 | D:14     | Identified the +0 pair of boots "Tiluph" {-Cast rElec rCorr Stlth-} (Okawaru gifted it to you on level 14 of the Dungeon)
 25175 | D:14     | Reached skill level 5 in Conjurations
 25698 | D:15     | Entered Level 15 of the Dungeon
 25704 | D:15     | Reached XP level 16. HP: 124/125 MP: 24/27
 25857 | D:15     | Found a shattered altar of Ashenzari.
 25927 | D:15     | Noticed Sonja
 25931 | D:15     | Killed Sonja
 26003 | D:15     | Reached skill level 6 in Fire Magic
 26220 | D:15     | Paralysed by an ogre mage for 3 turns
 26227 | D:15     | Found a staircase to the Depths.
 26315 | D:15     | Got a translucent ivory ring
 26765 | Spider:1 | Entered Level 1 of the Spider Nest
 26767 | Spider:1 | Upgraded the game from 0.21-a0-641-geef9d7f to 0.22-a0
 26840 | Spider:1 | Identified the ring "Xiyvoub" {Fire MP+9 Str+3 Int+2} (You found it on level 15 of the Dungeon)
 27064 | Spider:1 | Noticed Azrael
 27080 | Spider:1 | Killed Azrael
 27200 | Spider:1 | Reached skill level 7 in Fire Magic
 27945 | Spider:2 | Received a gift from Okawaru
 28088 | Spider:2 | Reached skill level 8 in Fire Magic
 28640 | Spider:2 | Reached XP level 17. HP: 131/131 MP: 30/30
 29479 | Spider:3 | Noticed Bai Suzhen
 29517 | Spider:3 | Killed Bai Suzhen
 29597 | Spider:3 | Reached skill level 9 in Fire Magic
 30517 | Spider:4 | Entered Level 4 of the Spider Nest
 30521 | Spider:4 | Got a steaming chain mail
 30522 | Spider:4 | Identified the cursed +1 chain mail of Jooton {-Cast +Inv rElec Int+3} (You found it on level 4 of the Spider Nest)
 30550 | Spider:4 | Found the +27 Lear's hauberk
 31257 | Spider:4 | Reached skill level 10 in Spellcasting
 31292 | Spider:4 | Received a gift from Okawaru
 31615 | Spider:4 | Reached skill level 10 in Ice Magic
 32099 | Spider:4 | Received a gift from Okawaru
 32139 | Spider:4 | Reached skill level 10 in Fire Magic
 33415 | Spider:4 | Reached skill level 10 in Conjurations
 33512 | Spider:4 | Got a gossamer rune of Zot
 33599 | Spider:4 | Learned a level 8 spell: Ignition
 33609 | Spider:4 | Learned a level 9 spell: Tornado
 33817 | Shoals:1 | Entered Level 1 of the Shoals
 33859 | Shoals:1 | Reached XP level 18. HP: 86/138 MP: 31/33
 34302 | Shoals:1 | Reached skill level 11 in Fire Magic
 34383 | Shoals:1 | Noticed Josephine
 34394 | Shoals:1 | Killed Josephine
 35371 | Shoals:2 | Received a gift from Okawaru
 35397 | Shoals:2 | Reached skill level 12 in Fire Magic
 37323 | Shoals:4 | Entered Level 4 of the Shoals
 37333 | Shoals:4 | Got a slimy chain mail
 37334 | Shoals:4 | Identified the +8 chain mail of the Trees {rElec} (You found it on level 4 of the Shoals)
 37424 | Shoals:4 | Reached skill level 13 in Fire Magic
 38050 | Shoals:4 | Received a gift from Okawaru
 38058 | Shoals:4 | Reached XP level 19. HP: 95/143 MP: 36/36
 38716 | Shoals:4 | Noticed Ilsuiw
 38901 | Shoals:4 | Reached skill level 14 in Fire Magic
 38906 | Shoals:4 | Killed Ilsuiw
 38955 | Shoals:4 | Got a barnacled rune of Zot
 39550 | Vaults:1 | Entered Level 1 of the Vaults
 40005 | Vaults:1 | Found Ycruasathri's Armour Boutique.
 40025 | Vaults:1 | Bought the cursed +0 large shield of Buujy {Str+4} for 270 gold pieces
 40141 | Vaults:1 | Got a pair of pitted gloves
 40676 | Vaults:1 | Reached skill level 15 in Fire Magic
 41038 | Vaults:2 | Noticed a Brimstone Fiend
 41063 | Vaults:2 | Noticed an Ice Fiend
 41132 | Vaults:2 | Noticed a Brimstone Fiend
 41135 | Vaults:2 | Gained mutation: You occasionally shout uncontrollably at your foes. [a neqoxec]
 41137 | Vaults:2 | Gained mutation: Scrolls take you a little longer to read. [a neqoxec]
 41516 | Vaults:2 | Received a gift from Okawaru
 41516 | Vaults:2 | Reached skill level 15 in Spellcasting
 41556 | Vaults:2 | Got an ichor-stained plate armour {god gift}
 41587 | Vaults:2 | Identified the +1 pair of gloves of Wonder {Int+6 SInv} (You found it on level 1 of the Vaults)
 41597 | Vaults:2 | Identified the +4 plate armour "Siosieq" {+Fly rN+ rCorr} (Okawaru gifted it to you on level 2 of the Vaults)
 41970 | Vaults:2 | Reached XP level 20. HP: 126/150 MP: 39/39
 42070 | Vaults:2 | Identified a +2 pair of boots of running (You found it on level 2 of the Vaults)
 42266 | Vaults:2 | Found a staircase to the Crypt.
 42292 | Vaults:2 | Reached skill level 16 in Fire Magic
 43474 | Vaults:3 | Received a gift from Okawaru
 43709 | Vaults:3 | Reached skill level 17 in Fire Magic
 44540 | Vaults:4 | Received a gift from Okawaru
 44546 | Vaults:4 | Reached XP level 21. HP: 135/156 MP: 42/42
 44824 | Vaults:4 | Reached skill level 18 in Fire Magic
 44908 | Vaults:4 | Slain by a deep troll

Vault maps used:
D:1:      dpeg_arrival_simpleton_c, minmay_misc_feat_five, minmay_tetromino_o4
D:2:      bloody_trog, first_ration, uniq_terence, uniq_jessica, uniq_sigmund
D:5:      nicolae_overflow_hidden_temple
D:7:      lemuel_crystal_altar, tso_oasis_becter,
          gammafunk_temple_overflow_wave, minmay_temple_entry_fiery,
          nicolae_ossuary_entry_ruins, basic_altar
D:8:      nicolae_whirlpool, hangedman_ranch, bh_chokoban
D:9:      grunt_lair_entry_orc_guard_hut, uniq_maurice
D:10:     uniq_urug, uniq_harold
D:11:     orc_0_dummy, basic_altar, grunt_ministairs_5, nicolae_benzene_ring
D:12:     serial_shops, shop, shop, elyvilon_altar_3
D:13:     grunt_vaults_entry_fortified, patterned_corridor
D:14:     nrook_guardian_serpent_snake_passage, minmay_strange_pillars,
          minivault_22, grunt_ministairs_7
D:15:     hangedman_depths_entry_civil_slaughter, evilmike_ruin_ashenzari,
          uniq_sonja
Temple:   compressed_dpeg_circular_temple
Lair:1:   st_stairs_11, grunt_megastairs_2
Lair:2:   uniq_nergalle
Lair:3:   elwin_shoals_entry_rooms, nicolae_volcano_entry_s_turn, st_stairs_10,
          nicolae_quartered_pool_little, beast_lair_carwin_5
Lair:4:   spider_nest_entry_rubble, lemuel_fruit_tree
Lair:5:   regret_index_tunnel_blossom, slime_altar_2, serial_bayou_pond_c
Lair:6:   cheibrodos_lair_end_hotspot
Shoals:1: nicolae_shoals_aquamancer_cove, uniq_josephine
Shoals:2: nicolae_shoals_this_corrosion
Shoals:4: shoals_end_grunt_ice, shoal_ilsuiw
Spider:1: spider_trap, spiders_nest_spider_trap,
          hangedman_spider_tarantella_strand, uniq_azrael
Spider:3: uniq_bai_suzhen
Spider:4: grunt_spider_rune_parallel
Orc:1:    enter_bailey_2, uniq_erolcha
Orc:2:    pf_orc_diabolical, minmay_orc_temple_a
Vaults:1: v_misc_25, nicolae_vaults_network_quinsquares,
          nicolae_vaults_asterisk, ontoclasm_vaults_hangar, grunt_vaults_focal,
          vaults_mumra_hex, v_pattern_4, ontoclasm_vaults_eye,
          nicolae_vaults_diagonal_hallway_8, nicolae_vaults_yaktaur_gun_rack,
          hangedman_vaults_cutoff, serial_glass, serial_shops, shop
Vaults:2: vaults_dpeg_doors, nicolae_vaults_ninety_degrees,
          ontoclasm_vaults_chip, ontoclasm_vaults_bender,
          minmay_crypt_entry_simple_statues, vaults_dpeg_encased_lava,
          v_misc_19, nicolae_vaults_little_ls, nicolae_vaults_little_squares_5
Vaults:3: nicolae_vaults_little_squares_1, v_misc_12, grunt_vaults_twisty,
          grunt_vaults_bifocal, vaults_room_octagon, v_misc_13,
          vaults_dpeg_hooks, nicolae_vaults_shelves_hall,
          nicolae_vaults_network_s, nicolae_vaults_fighting_squares,
          vaults_standard_mumra_lines, ontoclasm_vaults_gateway,
          nicolae_vaults_three_branches, vaults_room_pools
Vaults:4: nicolae_vaults_network_star, v_misc_9,
          hangedman_vaults_stretched_pinwheel, hangedman_vaults_capsules,
          v_misc_12
Ossuary:  ossuary_due_small_catacomb
Bailey:   bailey_polearm_flooded_kennysheep, bailey
Volcano:  volcano_pools

Skill      XL: |  1  2  3  4  5  6  7  8  9 10 11 12 13 14 15 16 17 18 19 20 21 |
---------------+----------------------------------------------------------------+-----
Fighting       | 3 4 5 7 8 9 11 | 11.1
Armour         | 2 3 4 5 6 8 9 11 12 14 16 17 | 17.1
Axes           | 3 4 5 6 7 8 9 10 11 | 11.1
Dodging        | 3 4 5 6 7 8 9 10 11 | 11.1
Invocations    | 2 4 5 6 8 9 10 | 10.4
Shields        | 3 5 10 12 14 16 | 16.1
Spellcasting   | 3 5 6 7 9 11 13 15 17 | 17.3
Fire Magic     | 3 5 8 10 13 15 17 18 | 18.0
Ice Magic      | 3 5 8 10 | 10.9
Conjurations   | 3 5 7 10 | 10.0
Charms         | |  3.2

Action                   |  1- 3 |  4- 6 |  7- 9 | 10-12 | 13-15 | 16-18 | 19-21 || total
-------------------------+-------+-------+-------+-------+-------+-------+-------++-------
Melee: Hand axe          |    63 |    57 |    48 |   393 |       |       |       ||   561
       Short sword       |       |   104 |   568 |       |       |       |       ||   672
       Falchion          |       |       |   186 |       |       |       |       ||   186
       War axe           |       |       |       |   601 |  1161 |  1936 |  1321 ||  5019
       Broad axe         |       |       |       |       |    48 |    11 |       ||    59
Throw: Javelin           |       |       |       |     8 |     2 |       |       ||    10
 Cast: Infusion          |     3 |     3 |       |       |       |       |       ||     6
Invok: Heroism           |       |       |     1 |    12 |    21 |    35 |    35 ||   104
       Finesse           |       |       |       |       |       |     1 |     1 ||     2
 Abil: Hop               |       |     1 |     1 |     3 |     2 |     4 |       ||    11
       Evoke Berserk Rag |       |       |     1 |       |       |       |       ||     1
       Evoke Ratskin     |       |       |       |       |       |       |     1 ||     1
Evoke: Wand              |       |     8 |       |     6 |       |     1 |     2 ||    17
  Use: Potion            |       |     3 |     6 |     3 |     1 |     1 |     3 ||    17
       Scroll            |       |       |    11 |     7 |     8 |    11 |     5 ||    42
 Stab: Distracted        |       |       |       |       |     1 |     1 |       ||     2
       Held in net/web   |       |       |       |       |       |     1 |       ||     1
  Eat: Chunk             |       |     6 |    13 |    20 |    35 |    39 |    18 ||   131
       Ration            |       |       |     4 |     1 |       |     2 |     2 ||     9
Armor: Leather armour    |     3 |       |       |       |       |       |       ||     3
       Ring mail         |    23 |    17 |       |       |       |       |       ||    40
       Skin              |       |     7 |     5 |       |       |       |       ||    12
       Plate armour      |       |    92 |   655 |   353 |       |       |       ||  1100
       Scale mail        |       |       |       |    51 |   316 |   276 |       ||   643
       Storm dragon scal |       |       |       |       |       |   464 |   447 ||   911
Dodge: Dodged            |    43 |    42 |   238 |   221 |   489 |   830 |   448 ||  2311
Block: Shield            |       |       |       |   395 |   685 |  1379 |   195 ||  2654
       Large shield      |       |       |       |       |       |       |   853 ||   853
       Rpst.: Falchion   |       |       |    22 |       |       |       |       ||    22

Table legend:
 A = Spawn XP
 B = Non-spawn XP
 C = Spawn XP percentage of total XP
 D = Spawn monster count
 E = Non-spawn monster count
 F = Spawn count percentage of total count
 G = Total turns spent on level
                    A         B        C        D         E        F      G
               +---------+---------+-------+---------+---------+-------+---------
         Total |       0 |  508329 |   0.0 |       0 |    1501 |   0.0 | 44908
               +---------+---------+-------+---------+---------+-------+---------
           D:1 |       0 |      31 |   0.0 |       0 |      17 |   0.0 |  1137
           D:2 |       0 |     391 |   0.0 |       0 |      21 |   0.0 |  1461
           D:3 |       0 |      93 |   0.0 |       0 |      20 |   0.0 |   795
           D:4 |       0 |     430 |   0.0 |       0 |      17 |   0.0 |  1636
           D:5 |       0 |     661 |   0.0 |       0 |      23 |   0.0 |  1674
           D:6 |       0 |     392 |   0.0 |       0 |      24 |   0.0 |   698
           D:7 |       0 |     629 |   0.0 |       0 |      13 |   0.0 |   888
           D:8 |       0 |    3262 |   0.0 |       0 |      30 |   0.0 |  1309
           D:9 |       0 |    2073 |   0.0 |       0 |      21 |   0.0 |  1280
          D:10 |       0 |    2953 |   0.0 |       0 |      18 |   0.0 |   981
          D:11 |       0 |    7262 |   0.0 |       0 |      41 |   0.0 |  1187
          D:12 |       0 |    3958 |   0.0 |       0 |      32 |   0.0 |   806
          D:13 |       0 |   12466 |   0.0 |       0 |      43 |   0.0 |  1271
          D:14 |       0 |   12329 |   0.0 |       0 |      34 |   0.0 |  1323
          D:15 |       0 |   15543 |   0.0 |       0 |      38 |   0.0 |   858
        Lair:1 |       0 |    2043 |   0.0 |       0 |      10 |   0.0 |   805
        Lair:2 |       0 |    6166 |   0.0 |       0 |      25 |   0.0 |   975
        Lair:3 |       0 |    8771 |   0.0 |       0 |      32 |   0.0 |  1065
        Lair:4 |       0 |    3700 |   0.0 |       0 |      17 |   0.0 |   834
        Lair:5 |       0 |   10678 |   0.0 |       0 |      64 |   0.0 |   907
        Lair:6 |       0 |   21397 |   0.0 |       0 |      71 |   0.0 |  1184
      Shoals:1 |       0 |   26531 |   0.0 |       0 |      55 |   0.0 |  1264
      Shoals:2 |       0 |   10172 |   0.0 |       0 |      21 |   0.0 |   900
      Shoals:3 |       0 |   27157 |   0.0 |       0 |      45 |   0.0 |  1765
      Shoals:4 |       0 |   32485 |   0.0 |       0 |      51 |   0.0 |  1511
      Spider:1 |       0 |   14510 |   0.0 |       0 |      47 |   0.0 |   998
      Spider:2 |       0 |   23861 |   0.0 |       0 |      66 |   0.0 |  1192
      Spider:3 |       0 |   17369 |   0.0 |       0 |      27 |   0.0 |  1943
      Spider:4 |       0 |   41324 |   0.0 |       0 |      96 |   0.0 |  2421
         Orc:1 |       0 |    3088 |   0.0 |       0 |      31 |   0.0 |   561
         Orc:2 |       0 |   20548 |   0.0 |       0 |     103 |   0.0 |  2431
      Vaults:1 |       0 |   35441 |   0.0 |       0 |      63 |   0.0 |  1490
      Vaults:2 |       0 |   38113 |   0.0 |       0 |      58 |   0.0 |  1580
      Vaults:3 |       0 |   66038 |   0.0 |       0 |     110 |   0.0 |  1645
      Vaults:4 |       0 |   31662 |   0.0 |       0 |      40 |   0.0 |   643
       Ossuary |       0 |     253 |   0.0 |       0 |      32 |   0.0 |   461
        Bailey |       0 |    2300 |   0.0 |       0 |      39 |   0.0 |   731
       Volcano |       0 |    2249 |   0.0 |       0 |       6 |   0.0 |   178
               +---------+---------+-------+---------+---------+-------+---------
